 Dungeon Crawl Stone Soup version 0.19-a0-1714-gcab94ab (webtiles) character file.

138 st0uf the Slasher (level 5, 41/41 HPs)
             Began as a Demonspawn Gladiator on Sept 28, 2016.
             Quit the game on level 4 of the Dungeon.
             The game lasted 00:06:36 (1040 turns).

st0uf the Slasher (Demonspawn Gladiator)            Turns: 1040, Time: 00:06:37

Health: 41/41      AC:  8    Str: 15    XL:     5   Next: 1%
Magic:  5/5        EV: 13    Int: 10    God:
Gold:   104        SH:  0    Dex: 14    Spells: 0 memorised, 4 levels left

rFire  . . .     SeeInvis .     a - +0 long sword
rCold  . . .     Gourm    .     b - +0 leather armour
rNeg   . . .     Faith    .     (no shield)
rPois  .         Spirit   .     k - +0 helmet (curse)
rElec  .         Dismiss  .     (no cloak)
rCorr  .         Reflect  .     t - +1 pair of gloves
MR     +....     Harm     .     u - +0 pair of boots
Stlth  ++........               (no amulet)
                                (no ring)
                                i - ring of protection from magic

@: no status effects
A: demonic guardian 1, nightstalker 1
a: no special abilities


You were on level 4 of the Dungeon.
You were not hungry.

You visited 1 branch of the dungeon, and saw 4 of its levels.

You collected 104 gold pieces.

Inventory:

Hand Weapons
 a - a +0 long sword (weapon)
Missiles
 d - 3 throwing nets (quivered)
Armour
 b - a +0 leather armour (worn)
 c - a +0 helmet
 k - a cursed +0 helmet (worn)
 t - a +1 pair of gloves (worn)
 u - a +0 pair of boots (worn)
Jewellery
 i - a ring of protection from magic (left hand)
Wands
 j - a wand of slowing (23/48)
Scrolls
 e - 3 scrolls of identify {unknown}
 h - a scroll of noise {unknown}
 m - a scroll of amnesia {unknown}
 n - a scroll of magic mapping {unknown}
 o - a scroll of fog {unknown}
 r - a scroll of teleportation {unknown}
Potions
 g - 2 potions of agility {unknown}
 l - a potion of lignification {unknown}
 s - a potion of heal wounds {unknown}
Comestibles
 f - 3 bread rations
 p - a chunk of flesh
 q - a meat ration


   Skills:
 * Level 3.0 Fighting
 * Level 4.1 Long Blades
 - Level 1.7 Throwing
 + Level 1.4 Armour
 + Level 3.1 Dodging


You had 4 spell levels left.
You didn't know any spells.

Dungeon Overview and Level Annotations

Branches:
Dungeon (4/15)
 Temple: D:4-7

Altars:

Annotations:
D:2 Terence
D:3 vible's ghost, amateur HaAs


Innate Abilities, Weirdness & Mutations

A weak demonic guardian rushes to your aid.
You are slightly more attuned to the shadows.


Message History

Your shadow imp hits the orc priest but does no damage.
The orc priest completely misses you.
The orc hits your shadow imp but does no damage.
Unknown command.
You slash the orc priest!
The orc priest is heavily wounded.
Your shadow imp hits the orc priest.
The orc priest calls down the wrath of Beogh upon your shadow imp.
Your shadow imp is smitten.
Your shadow imp dies!
The orc priest looks encouraged for a moment.
You slash the orc priest!
You kill the orc priest!
Your Fighting skill increases to level 3!
Your Long Blades skill increases to level 4!
You have reached level 5!
Your demonic ancestry asserts itself...
You slip into the darkness of the dungeon.
The orc closely misses you.
Are you sure you want to abandon this character and quit the game? (Confirm with "yes".)

# .# # ### ### ..# #
#####.#####.###+#...
#.....#.....#....#
####)....'.....'....#
#..#.....#######@o..#
...'.....# #[)..#
...#.....# +....#
##+#.....# #....#
.......# #......
.......# #.?.....
........# #........
...###### #........


You could see an orc.

Vanquished Creatures
  An orc priest (D:4)
  Ijyb (D:3)
  3 adders
  2 dart slugs
  A leopard gecko (D:1)
  2 orcs
  3 giant cockroaches
  12 goblins
  5 hobgoblins
  4 jackals (D:3)
  A quokka (D:2)
  7 kobolds
  7 rats
49 creatures vanquished.

Vanquished Creatures (collateral kills)
  Robin (D:2)
  An orc (D:4)
  2 goblins (D:2)
4 creatures vanquished.

Grand Total: 53 creatures vanquished

Notes
Turn   | Place    | Note
-------+----------+-------------------------------------------
     0 | D:1      | st0uf the Demonspawn Gladiator began the quest for the Orb.
     0 | D:1      | Reached XP level 1. HP: 16/16 MP: 1/1
    73 | D:2      | Noticed Terence
    88 | D:1      | Gained mutation: A weak demonic guardian rushes to your aid. [demonic ancestry]
    88 | D:1      | Reached XP level 2. HP: 15/22 MP: 2/2
   223 | D:1      | Reached skill level 3 in Long Blades
   382 | D:1      | Reached skill level 1 in Armour
   402 | D:2      | Noticed Robin
   417 | D:2      | Killed Robin
   418 | D:2      | Reached XP level 3. HP: 25/28 MP: 3/3
   678 | D:3      | Noticed vible's ghost (amateur HaAs)
   752 | D:2      | Reached XP level 4. HP: 32/34 MP: 4/4
   853 | D:3      | Noticed Ijyb
   860 | D:3      | Killed Ijyb
  1039 | D:4      | Reached skill level 4 in Long Blades
  1039 | D:4      | Gained mutation: You are slightly more attuned to the shadows. [demonic ancestry]
  1039 | D:4      | Reached XP level 5. HP: 41/41 MP: 5/5
  1040 | D:4      | Quit the game

Vault maps used:
D:1:      lemuel_arrival_funnel
D:2:      uniq_terence, uniq_robin
D:3:      first_bread, uniq_iyjb
D:4:      old_standard_altar, gammafunk_temple_overflow_pools,
          old_standard_altar, tso_altar, uniq_menkaure, uniq_duvessa,
          uniq_blork_the_orc

Skill      XL: |  1  2  3  4 |
---------------+-------------+-----
Long Blades    | 3 4 |  4.1
Armour         | 1 |  1.4
Dodging        | 3 |  3.1
Fighting       | 3 |  3.0
Throwing       | |  1.7

Action                   |  1- 3 |  4- 6 || total
-------------------------+-------+-------++-------
Melee: Long sword        |   150 |    39 ||   189
  Eat: Chunk             |       |     1 ||     1
Armor: Leather armour    |    31 |     8 ||    39
Dodge: Dodged            |   100 |    23 ||   123
